[Event "Titled Tuesday Blitz January 11 2022"]
[White "Rozhkov, Viacheslav"]
[Black "Zakhartsov, Vladimir"]
[WhiteFideId "4181484"]
[BlackFideId "4145097"]
[WhiteElo "2324"]
[BlackElo "2432"]
[Result "1/2-1/2"]
[Round "02"]
[TimeControl "180+1"]
[Date "2022.01.11"]
[WhiteClock "0:00:06"]
[BlackClock "0:00:08"]

1. e4 c5 2. Nf3 Nc6 3. d4 cxd4 4. Nxd4 g6 5. Nc3 Bg7 6. Be3 Nf6 7. Nxc6 bxc6 8. e5 Ng8 9. f4 f6 10. e6 Nh6 11. exd7+ Qxd7 12. Bc4 Nf5 13. Bc5 Nd6 14. Bb3 Ba6 15. Qf3 Nc4 16. Bxc4 Bxc4 17. Rd1 Qb7 18. Kf2 O-O 19. b3 Bf7 20. Rhe1 Rfe8 21. f5 gxf5 22. Qxf5 Bg6 23. Qe6+ Kh8 24. Rd7 Qb8 25. Kg1 Qf4 26. Rxe7 Rxe7 27. Bxe7 Re8 28. Qd7 Qf5 29. Qxf5 Bxf5 30. Rf1 Bxc2 31. Bxf6 Bd3 32. Bxg7+ Kxg7 33. Rd1 Bf5 34. Rd6 Rc8 35. h3 Rc7 36. g4 Bg6 37. Kf2 Bf7 38. Ke3 c5 39. Nd5 Rc8 40. Nf4 c4 41. bxc4 Rxc4 42. Ra6 Rc3+ 43. Ke4 Rc2 44. Rxa7 Kf6 45. Nd5+ Kg6 46. Nf4+ Kf6 47. h4 Bxa2 48. Rxh7 Rc4+ 49. Ke3 Rc3+ 50. Kd4 Rc4+ 51. Ke3 Rc3+ 52. Kf2 Rc4 53. Nd3 Rxg4 54. Rh6+ Kg7 55. Rd6 Rxh4 56. Ke3 Bf7 57. Ne5 Be8 58. Re6 Kf8 59. Ng6+ Bxg6 60. Rxg6 Rh7 61. Rg3 Rf7 62. Rf3 Rxf3+ 63. Kxf3 1/2-1/2


[Site "https://www.chess.com"]

[Event "Titled Tuesday Blitz January 11 2022"]
[White "Safarli, Eltaj"]
[Black "Przybylski, Wojciech"]
[WhiteFideId "13402129"]
[BlackFideId "1117599"]
[WhiteElo "2634"]
[BlackElo "2133"]
[Result "1-0"]
[Round "02"]
[TimeControl "180+1"]
[Date "2022.01.11"]
[WhiteClock "0:01:14"]
[BlackClock "0:00:01"]

1. e4 e5 2. Nf3 Nc6 3. Bb5 Nf6 4. O-O Nxe4 5. d4 Nd6 6. dxe5 Nxb5 7. a4 Nbd4 8. Nxd4 d5 9. Nxc6 bxc6 10. Nd2 Be7 11. Nb3 c5 12. Na5 Qd7 13. f4 Ba6 14. Rf2 c4 15. Kh1 Bc5 16. Rf3 c6 17. f5 Qc7 18. Qe1 O-O-O 19. e6 Rhe8 20. Bf4 Qb6 21. Nb3 Bb4 22. c3 fxe6 23. fxe6 Bd6 24. Nd4 Bxf4 25. Rxf4 c5 26. e7 Rd7 27. Rf8 Rxe7 28. Qxe7 Rxf8 29. Qxf8+ Kb7 30. Nf5 1-0


[Site "https://www.chess.com"]

[Event "Titled Tuesday Blitz January 11 2022"]
[White "Salimova, Nurgyul"]
[Black "Sanal, Vahap"]
[WhiteFideId "2915138"]
[BlackFideId "6300545"]
[WhiteElo "2185"]
[BlackElo "2603"]
[Result "0-1"]
[Round "02"]
[TimeControl "180+1"]
[Date "2022.01.11"]
[WhiteClock "0:00:17"]
[BlackClock "0:01:08"]

1. d4 Nf6 2. Nc3 d5 3. Bf4 e6 4. Nb5 Na6 5. e3 c6 6. Nc3 Bb4 7. Bd3 Bxc3+ 8. bxc3 Qa5 9. Ne2 c5 10. dxc5 Nxc5 11. O-O O-O 12. c4 Rd8 13. Qc1 b6 14. cxd5 Nxd5 15. Bg5 f6 16. Bh4 Nxd3 17. cxd3 Ba6 18. Qc6 Bxd3 19. Qxe6+ Kh8 20. Nd4 Bxf1 21. Rxf1 Qxa2 22. Nf5 Rg8 23. Nh6 Rgf8 24. Nf7+ Rxf7 25. Qxf7 Nc3 26. Qc7 Qc2 27. Qd6 Ne2+ 28. Kh1 Qc4 29. Rd1 Nc3 30. Rc1 Qxh4 31. Rxc3 Qxf2 32. Qd1 Rg8 33. Rc7 a5 34. h3 Qxe3 35. Qd6 Qe1+ 36. Kh2 Qe5+ 37. Qxe5 fxe5 38. Rb7 Ra8 39. Rxb6 a4 40. Rb2 a3 41. Ra2 Kg8 42. Kg3 Kf7 43. Kf3 Ke6 0-1


[Site "https://www.chess.com"]

[Event "Titled Tuesday Blitz January 11 2022"]
[White "Seul, Georg"]
[Black "Piorun, Kacper"]
[WhiteFideId "4601653"]
[BlackFideId "1130420"]
[WhiteElo "2271"]
[BlackElo "2571"]
[Result "0-1"]
[Round "02"]
[TimeControl "180+1"]
[Date "2022.01.11"]
[WhiteClock "0:00:01"]
[BlackClock "0:00:16"]

1. e4 c5 2. d3 e6 3. f4 d5 4. Be2 Nc6 5. Nf3 Nf6 6. e5 Nd7 7. c3 d4 8. O-O Be7 9. Na3 dxc3 10. bxc3 O-O 11. Rb1 a6 12. Nd2 b5 13. Ne4 Bb7 14. Nc2 Qc7 15. Be3 Rfd8 16. Bf3 Rac8 17. Qe2 Na5 18. g4 Nf8 19. Bg2 Bd5 20. f5 exf5 21. Rxf5 Be6 22. Rf2 Qd7 23. Rd1 Bxg4 24. Bf3 Bxf3 25. Qxf3 Bh4 26. Rg2 Ng6 27. Qh5 Be7 28. Bg5 Nc6 29. Nf6+ gxf6 30. exf6 Bf8 31. Rg3 Nce5 32. Kh1 Qd5+ 33. Kg1 Nd7 34. Ne3 Nxf6 35. Qe2 Qe6 36. Bxf6 Qxf6 37. Ng4 Qe6 38. Qf2 Bg7 39. Rf1 f5 0-1


[Site "https://www.chess.com"]

[Event "Titled Tuesday Blitz January 11 2022"]
[White "Shuvalov, Evgenij"]
[Black "Rustemov, Alexander"]
[WhiteFideId "4187237"]
[BlackFideId "4119002"]
[WhiteElo "2119"]
[BlackElo "2826"]
[Result "0-1"]
[Round "02"]
[TimeControl "180+1"]
[Date "2022.01.11"]
[WhiteClock "0:00:31"]
[BlackClock "0:00:38"]

1. Nf3 d5 2. c4 c6 3. g3 Nf6 4. Bg2 e6 5. b3 Be7 6. Bb2 O-O 7. O-O Nbd7 8. e3 b6 9. Qe2 Bb7 10. d3 c5 11. Nc3 Qb8 12. Rad1 Rd8 13. Ne1 a6 14. f4 b5 15. cxd5 exd5 16. Nf3 Qc7 17. Rc1 Rac8 18. e4 dxe4 19. Nxe4 Nxe4 20. dxe4 c4 21. Kh1 Nc5 22. bxc4 Bxe4 23. Ne5 Qb7 24. cxb5 axb5 25. Rfd1 f6 26. Bxe4 Nxe4 27. Rxc8 Nf2+ 28. Kg1 Nh3+ 29. Kf1 Qh1# 0-1


[Site "https://www.chess.com"]

[Event "Titled Tuesday Blitz January 11 2022"]
[White "Svane, Rasmus"]
[Black "Bodnaruk, Anastasia"]
[WhiteFideId "4657101"]
[BlackFideId "4181751"]
[WhiteElo "2645"]
[BlackElo "2393"]
[Result "1-0"]
[Round "02"]
[TimeControl "180+1"]
[Date "2022.01.11"]
[WhiteClock "0:00:07"]
[BlackClock "0:00:02"]

1. Nf3 Nf6 2. g3 g6 3. Bg2 Bg7 4. O-O O-O 5. d4 d5 6. c4 c6 7. Qb3 a5 8. Rd1 a4 9. Qb4 dxc4 10. Qxc4 Bf5 11. e3 Nbd7 12. Nc3 b5 13. Qe2 b4 14. Nb1 Qb6 15. Nbd2 Qb5 16. Qxb5 cxb5 17. Nh4 Bc2 18. Bxa8 Rxa8 19. Re1 Nb6 20. Ndf3 Ne4 21. Ng2 g5 22. h4 h6 23. Ne5 Bxe5 24. dxe5 Nc4 25. f3 Nc5 26. e4 Nxe5 27. Rf1 Ne6 28. hxg5 hxg5 29. Ne3 Bd3 30. Rf2 Nd4 31. Kg2 Nexf3 32. Nf5 Bxe4 33. Nxd4 Nxd4+ 34. Kf1 Nc2 35. Rxc2 Bxc2 36. Bxg5 f6 37. Bd2 b3 38. axb3 Bxb3 39. Bb4 e5 40. Rc1 Bc4+ 41. Kf2 Rd8 42. Ke3 Rd3+ 43. Kf2 Rb3 44. Ba3 b4 45. Rxc4 bxa3 46. bxa3 Rxa3 47. Rc7 Ra1 48. Ra7 a3 49. Kf3 a2 50. Kg4 f5+ 51. Kg5 f4 52. Kg6 Kf8 53. Kf6 Ke8 54. gxf4 exf4 55. Ra8+ Kd7 56. Ra6 f3 57. Ra7+ Kc6 58. Ra3 1-0


[Site "https://www.chess.com"]

[Event "Titled Tuesday Blitz January 11 2022"]
[White "Tari, Aryan"]
[Black "Pinheiro, Iung Alicio de O."]
[WhiteFideId "1510045"]
[BlackFideId "2104350"]
[WhiteElo "2567"]
[BlackElo "2591"]
[Result "1-0"]
[Round "02"]
[TimeControl "180+1"]
[Date "2022.01.11"]
[WhiteClock "0:00:50"]
[BlackClock "0:00:20"]

1. Nf3 c5 2. c3 Nf6 3. d4 e6 4. Bg5 b6 5. Nbd2 Bb7 6. e4 h6 7. Bxf6 Qxf6 8. Bd3 g6 9. e5 Qd8 10. Ne4 Be7 11. h4 d5 12. exd6 Bxd6 13. h5 g5 14. Ne5 cxd4 15. Qa4+ Ke7 16. Qxd4 Bxe5 17. Qxe5 Bxe4 18. Bxe4 Nd7 19. Qg7 Rc8 20. O-O-O Qc7 21. g3 Nc5 22. Bg6 Rcf8 23. Rhe1 Rhg8 24. Qxh6 fxg6 25. hxg6 Kf6 26. f4 gxf4 27. g7+ Kf7 28. gxf8=Q+ Rxf8 29. Qh7+ 1-0


[Site "https://www.chess.com"]

[Event "Titled Tuesday Blitz January 11 2022"]
[White "Toniutti, Ezio"]
[Black "Horvath, Dominik"]
[WhiteFideId "113034"]
[BlackFideId "1642561"]
[WhiteElo "2215"]
[BlackElo "2336"]
[Result "0-1"]
[Round "02"]
[TimeControl "180+1"]
[Date "2022.01.11"]
[WhiteClock "0:00:19"]
[BlackClock "0:00:18"]

1. d4 Nf6 2. c4 e6 3. g3 Bb4+ 4. Bd2 a5 5. Bg2 d5 6. Qc2 O-O 7. Nf3 c5 8. O-O cxd4 9. Nxd4 Nc6 10. Nb5 Qb6 11. Be3 d4 12. Bg5 Be7 13. Nd2 e5 14. a3 Bg4 15. Nf3 Rfe8 16. h3 Bh5 17. Nh4 h6 18. Bd2 Bf8 19. g4 Bg6 20. Nxg6 fxg6 21. Qxg6 e4 22. Bf4 Ne7 23. Bc7 Qa6 24. Qxe8 Rxe8 25. Be5 Rd8 26. Bxd4 Ng6 27. Bxf6 Qxf6 28. Rfd1 Rxd1+ 29. Rxd1 Nf4 30. Bf1 Bc5 31. e3 Ng6 32. Nc7 Nh4 33. Nd5 Nf3+ 34. Kg2 Qe5 35. Nf4 g5 36. Nd5 Qh2# 0-1


[Site "https://www.chess.com"]

[Event "Titled Tuesday Blitz January 11 2022"]
[White "Willow, Jonah B"]
[Black "Escalona Landi, Samid Eduardo"]
[WhiteFideId "438804"]
[BlackFideId "3937437"]
[WhiteElo "2261"]
[BlackElo "2242"]
[Result "1-0"]
[Round "02"]
[TimeControl "180+1"]
[Date "2022.01.11"]
[WhiteClock "0:00:04"]
[BlackClock "0:00:01"]

1. e4 e5 2. Nf3 Nc6 3. Nc3 Nf6 4. Bb5 Bb4 5. O-O O-O 6. d3 d6 7. Bg5 Ne7 8. Nh4 c6 9. Bc4 Ng6 10. Nxg6 hxg6 11. Kh1 b5 12. Bb3 a5 13. a4 bxa4 14. Nxa4 d5 15. exd5 cxd5 16. c3 Be7 17. Qe2 Rb8 18. Bc2 Bd6 19. Qf3 Be6 20. Rfe1 Re8 21. h3 Qc7 22. Bxf6 gxf6 23. Qxf6 Bd7 24. Re3 Re6 25. Qh4 Kg7 26. Rf3 e4 27. dxe4 dxe4 28. Re3 Rh8 29. Qg4 f5 30. Qd1 Bc6 31. Qd4+ Be5 32. Qc4 Qe7 33. Nc5 Rd6 34. Bb3 Rb8 35. Rb1 Bd5 36. Qa4 Bxb3 37. Nxb3 Rdb6 38. Nxa5 Rxb2 39. Rbe1 1-0


[Site "https://www.chess.com"]

[Event "Titled Tuesday Blitz January 11 2022"]
[White "Yoo, Christopher Woojin"]
[Black "Florescu, Codrut-Constantin"]
[WhiteFideId "30909694"]
[BlackFideId "1202200"]
[WhiteElo "2105"]
[BlackElo "2243"]
[Result "1-0"]
[Round "02"]
[TimeControl "180+1"]
[Date "2022.01.11"]
[WhiteClock "0:00:08"]
[BlackClock "0:00:12"]

1. e4 c5 2. Nf3 e6 3. c3 Nf6 4. e5 Nd5 5. d4 cxd4 6. cxd4 d6 7. Bc4 Nc6 8. O-O Be7 9. Qe2 O-O 10. Rd1 Na5 11. Bd3 Nb4 12. exd6 Qxd6 13. Be4 Bd7 14. Nc3 Bc6 15. Ne5 Bxe4 16. Nxe4 Qd8 17. Bf4 Nd5 18. Bg3 a6 19. Rac1 Rc8 20. Nc5 Bxc5 21. dxc5 Nc6 22. Nc4 Qf6 23. Nd6 Ra8 24. Nxb7 h5 25. h4 Nd4 26. Qe4 Nf5 27. Be5 Qg6 28. Nd6 Nh6 29. Qxg6 fxg6 30. c6 Ng4 31. Bg3 Ra7 32. Ne4 Rc8 33. Ng5 Nb4 34. c7 Nd5 35. Nxe6 Nxc7 36. Rxc7 Rcxc7 37. Bxc7 Rb7 38. Ng5 Kf8 39. Bd6+ Ke8 40. Re1+ Kd8 41. Ne6+ Kc8 42. Rc1+ Kd7 43. Nc5+ 1-0


[Site "https://www.chess.com"]

[Event "Titled Tuesday Blitz January 11 2022"]
[White "Yurovskykh, Oleksandr"]
[Black "Nesterov, Arseniy"]
[WhiteFideId "14134020"]
[BlackFideId "24198455"]
[WhiteElo "2292"]
[BlackElo "2489"]
[Result "0-1"]
[Round "02"]
[TimeControl "180+1"]
[Date "2022.01.11"]
[WhiteClock "0:01:47"]
[BlackClock "0:01:30"]

1. d4 d5 2. Bf4 Nf6 3. e3 Bf5 4. c4 e6 5. Nc3 Bb4 6. Qb3 Nc6 7. a3 Bxc3+ 8. Qxc3 O-O 9. Nf3 Ne4 10. Qc1 Na5 11. Qd1 dxc4 12. Ne5 b5 13. f3 Nf6 14. e4 Bg6 15. Rc1 Nb3 16. Rc2 Nxd4 17. Rd2 c5 18. Be3 Qa5 19. Bxd4 cxd4 20. Nc6 Qb6 21. Nxd4 Rad8 22. Nc2 Rxd2 23. Qxd2 Rd8 24. Qe3 Nd5 25. exd5 Bxc2 26. Qxb6 axb6 27. dxe6 Rd1+ 28. Ke2 fxe6 29. g3 Rb1 30. Kd2 Bd3 0-1


[Site "https://www.chess.com"]

[Event "Titled Tuesday Blitz January 11 2022"]
[White "Agibileg, Uurtsaikh"]
[Black "Cunjalo, Faris"]
[WhiteFideId "4901606"]
[BlackFideId "14410710"]
[WhiteElo "2205"]
[BlackElo "2263"]
[Result "0-1"]
[Round "03"]
[TimeControl "180+1"]
[Date "2022.01.11"]
[WhiteClock "0:00:02"]
[BlackClock "0:00:03"]

1. d4 Nf6 2. c4 c5 3. d5 g6 4. Nc3 Bg7 5. e4 d6 6. Bd3 O-O 7. h3 e6 8. Nf3 Nbd7 9. Bg5 h6 10. Be3 exd5 11. cxd5 Re8 12. O-O a6 13. a4 g5 14. Nh2 Ne5 15. Be2 Ng6 16. Qc2 Qe7 17. Rfe1 Bd7 18. Rad1 Rab8 19. Nf1 b5 20. axb5 axb5 21. Ng3 b4 22. Nb1 Nf4 23. Bf3 b3 24. Qd2 Qe5 25. Nc3 h5 26. Bxf4 gxf4 27. Nge2 Bh6 28. Nc1 c4 29. N1e2 Nh7 30. Kh1 Ng5 31. Bxh5 f3 32. Bxf3 Nxf3 33. gxf3 Bxd2 34. Rxd2 Qh5 35. Rg1+ Kf8 36. Rg3 Ke7 37. Nf4 Qh4 38. Nce2 Rg8 39. Ng2 Qh6 40. f4 Rxg3 41. fxg3 Qxh3+ 42. Kg1 Ra8 43. Kf2 Ra1 44. e5 Bg4 45. Nd4 Qh1 46. Nc6+ Kd7 47. e6+ fxe6 48. dxe6+ Kxc6 49. e7 Qf1+ 50. Ke3 Qf3+ 51. Kd4 Kd7 0-1


[Site "https://www.chess.com"]

[Event "Titled Tuesday Blitz January 11 2022"]
[White "Andreikin, Dmitry"]
[Black "Santos Ruiz, Miguel"]
[WhiteFideId "4158814"]
[BlackFideId "22291482"]
[WhiteElo "2736"]
[BlackElo "2486"]
[Result "1-0"]
[Round "03"]
[TimeControl "180+1"]
[Date "2022.01.11"]
[WhiteClock "0:01:48"]
[BlackClock "0:00:32"]

1. d4 Nf6 2. c4 e6 3. Nc3 Bb4 4. Nf3 d5 5. Qa4+ Nc6 6. e3 O-O 7. Qc2 Re8 8. Be2 dxc4 9. Bxc4 e5 10. O-O exd4 11. exd4 h6 12. Bxh6 gxh6 13. Qg6+ Kh8 14. Bxf7 Bf8 15. Nd5 Ne7 16. Nxe7 Rxe7 17. Qxf6+ Bg7 18. Qg6 Qd6 19. Ne5 Qxd4 20. Rad1 1-0


[Site "https://www.chess.com"]

[Event "Titled Tuesday Blitz January 11 2022"]
[White "Arabidze, Meri"]
[Black "Moskalenko, Alexander"]
[WhiteFideId "13604040"]
[BlackFideId "4155351"]
[WhiteElo "2329"]
[BlackElo "2515"]
[Result "1/2-1/2"]
[Round "03"]
[TimeControl "180+1"]
[Date "2022.01.11"]
[WhiteClock "0:00:08"]
[BlackClock "0:00:13"]

1. d4 Nf6 2. c4 g6 3. Nf3 Bg7 4. g3 O-O 5. Bg2 d6 6. O-O Nc6 7. Nc3 a6 8. Bf4 Rb8 9. Rc1 Bd7 10. h3 b5 11. c5 b4 12. Na4 d5 13. Ne5 a5 14. b3 e6 15. Qd3 Nxe5 16. Bxe5 Bb5 17. Qd2 Ne4 18. Bxe4 Bxe5 19. Bd3 Bg7 20. Bxb5 Rxb5 21. e3 c6 22. Nb6 e5 23. Rfd1 e4 24. Ra1 h5 25. h4 g5 26. hxg5 Qxg5 27. Kg2 h4 28. Rg1 Qg4 29. Qd1 h3+ 30. Kh2 Qf5 31. Qe2 Bf6 32. g4 Qg5 33. Nd7 Rd8 34. Nxf6+ Qxf6 35. Rg3 Rxc5 36. dxc5 Qxa1 37. Rxh3 Qe5+ 38. Kg2 Kg7 39. g5 Rh8 40. Rxh8 Kxh8 41. Qh5+ Kg8 42. Qh6 Qe6 43. Qh2 Kg7 44. Qf4 Kg6 45. Kg3 Kg7 46. Kg2 f6 47. gxf6+ Qxf6 48. Kg3 Qe6 49. Qc7+ Kg6 50. Qf4 Qf5 51. Qd6+ Qf6 52. Qc7 Qg5+ 53. Kh2 Qh4+ 54. Kg2 Qg4+ 55. Kh2 Qe6 56. Kg3 Kf6 57. Qf4+ Ke7 58. Qc7+ Kf6 59. Qf4+ Kg6 60. Qc7 Qf6 61. Kg2 Kf5 62. Qf4+ Ke6 63. Qc7 Qg5+ 64. Kf1 Qh5 65. Qxc6+ Ke7 66. Qd6+ Ke8 67. c6 Qd1+ 68. Kg2 Qf3+ 69. Kg1 Qd1+ 70. Kh2 Qh5+ 71. Kg2 Qf3+ 72. Kg1 Qd1+ 73. Kg2 Qf3+ 1/2-1/2


[Site "https://www.chess.com"]

[Event "Titled Tuesday Blitz January 11 2022"]
[White "Araujo Sanchez, Josue"]
[Black "Jones, Gawain C B"]
[WhiteFideId "6416896"]
[BlackFideId "409561"]
[WhiteElo "2357"]
[BlackElo "2657"]
[Result "1/2-1/2"]
[Round "03"]
[TimeControl "180+1"]
[Date "2022.01.11"]
[WhiteClock "0:00:34"]
[BlackClock "0:00:16"]

1. e4 e5 2. Nf3 Nc6 3. Bb5 a6 4. Ba4 d6 5. c3 Nf6 6. d3 g6 7. O-O Bg7 8. h3 O-O 9. Be3 Bd7 10. Nbd2 Nh5 11. d4 Qe7 12. Re1 Rae8 13. Rc1 Kh8 14. dxe5 Nxe5 15. Nxe5 Bxa4 16. Nxg6+ fxg6 17. Qxa4 Nf4 18. Bxf4 Rxf4 19. Re2 Ref8 20. Qb3 b6 21. Rce1 Qf6 22. e5 dxe5 23. Ne4 Qf5 24. Qc4 Qc8 25. Qc6 a5 26. Rd1 Qf5 27. Rd7 Rxe4 28. Rxe4 Qxf2+ 29. Kh2 Bh6 30. Qxc7 Bf4+ 31. Rxf4 Qxf4+ 32. Kg1 Qf2+ 33. Kh2 Qf4+ 34. Kg1 Qf1+ 35. Kh2 Qf4+ 1/2-1/2


[Site "https://www.chess.com"]

[Event "Titled Tuesday Blitz January 11 2022"]
[White "Avila Pavas, Santiago"]
[Black "Safarli, Eltaj"]
[WhiteFideId "4437128"]
[BlackFideId "13402129"]
[WhiteElo "2242"]
[BlackElo "2634"]
[Result "1/2-1/2"]
[Round "03"]
[TimeControl "180+1"]
[Date "2022.01.11"]
[WhiteClock "0:00:09"]
[BlackClock "0:00:32"]

1. d4 Nf6 2. Nf3 g6 3. Bg5 Bg7 4. Nbd2 O-O 5. e4 d5 6. exd5 Nxd5 7. c3 b6 8. Bc4 Bb7 9. Qe2 h6 10. Be3 Nd7 11. O-O-O c5 12. dxc5 Qc7 13. Nb3 e6 14. Bd4 bxc5 15. Bxg7 Kxg7 16. Rhe1 a5 17. Bxd5 Bxd5 18. c4 Bxf3 19. Qxf3 a4 20. Qc3+ Nf6 21. Nd2 a3 22. Ne4 Qf4+ 23. Kb1 axb2 24. Rd3 e5 25. Nxf6 Qxf6 26. Qxe5 Ra4 27. Qxf6+ Kxf6 28. Kxb2 Rfa8 29. a3 Rxc4 30. Kb3 Rca4 31. Ka2 Rc4 32. Kb3 Rf4 33. Rf3 Rxf3+ 34. gxf3 Kf5 35. Rc1 Ra5 36. a4 Kf4 37. Rc3 g5 38. Ka3 h5 39. Rb3 Ra6 40. Rc3 f6 41. Rxc5 Kxf3 42. Kb4 Kg2 43. Kb5 Ra8 44. Rf5 Rf8 45. f4 Rg8 46. fxg5 fxg5 47. h4 gxh4 48. Rxh5 h3 49. a5 h2 50. Kb6 Rg6+ 51. Kb7 Rg7+ 52. Kb6 Rg6+ 53. Kb5 Rg3 54. Rxh2+ Kxh2 55. a6 Rb3+ 56. Kc6 Ra3 57. Kb7 Kg3 58. a7 Kf4 59. a8=Q Rxa8 60. Kxa8 1/2-1/2


[Site "https://www.chess.com"]

[Event "Titled Tuesday Blitz January 11 2022"]
[White "Babazada, Khazar"]
[Black "Wagner, Dennis"]
[WhiteFideId "13413554"]
[BlackFideId "24650684"]
[WhiteElo "2418"]
[BlackElo "2355"]
[Result "1/2-1/2"]
[Round "03"]
[TimeControl "180+1"]
[Date "2022.01.11"]
[WhiteClock "0:00:18"]
[BlackClock "0:00:03"]

1. e4 c5 2. Nc3 d6 3. g3 g6 4. Bg2 Bg7 5. Nge2 Nc6 6. O-O e6 7. d3 Nge7 8. Be3 Nd4 9. Rb1 Nec6 10. a3 O-O 11. b4 b6 12. Qd2 Bb7 13. h4 Qd7 14. h5 Rae8 15. b5 Nxe2+ 16. Nxe2 Nd4 17. Nf4 Nxb5 18. a4 Nc3 19. Ra1 Nxa4 20. Ra3 b5 21. c3 a5 22. Rd1 b4 23. cxb4 axb4 24. Rb3 Nc3 25. Re1 Ra8 26. d4 Ra2 27. Rb2 Rxb2 28. Qxb2 cxd4 29. Bd2 Qb5 30. Bf1 Qb6 31. h6 Bh8 32. Bc4 Re8 33. Qb3 Nxe4 34. Bxe6 fxe6 35. Nxe6 d5 36. Ng5 Nf6 37. Rc1 Ne4 38. Re1 Nf6 39. Rc1 Ne4 40. Re1 1/2-1/2


[Site "https://www.chess.com"]

[Event "Titled Tuesday Blitz January 11 2022"]
[White "Ceres, Dragos"]
[Black "Khanin, Semen"]
[WhiteFideId "13905864"]
[BlackFideId "4111990"]
[WhiteElo "2072"]
[BlackElo "2442"]
[Result "0-1"]
[Round "03"]
[TimeControl "180+1"]
[Date "2022.01.11"]
[WhiteClock "0:00:08"]
[BlackClock "0:00:50"]

1. e4 c5 2. Nf3 e6 3. c3 d5 4. exd5 Qxd5 5. d4 Nf6 6. Be3 cxd4 7. cxd4 Nc6 8. Nc3 Qd6 9. Bd3 Be7 10. a3 O-O 11. O-O a6 12. Qe2 b5 13. Rad1 Bb7 14. Bg5 h6 15. Ne4 Nxe4 16. Qxe4 f5 17. Bxe7 Qxe7 18. Qe3 Qd6 19. Rfe1 Rf6 20. Bb1 Ne7 21. Ba2 Bd5 22. Bxd5 Nxd5 23. Qe5 Rd8 24. Qxd6 Rxd6 25. Rc1 Rf8 26. g3 Rfd8 27. Rc5 Nf6 28. Rc7 Ne4 29. Rec1 Ng5 30. Nxg5 hxg5 31. R1c6 g4 32. Kf1 a5 33. Rxd6 Rxd6 34. Rc5 Rxd4 35. Rxb5 a4 36. Rb4 Rxb4 37. axb4 Kf8 38. Ke2 Ke7 39. Kd3 Kd6 40. Kc4 e5 41. b5 e4 42. Kd4 g6 43. Kc4 Kc7 44. Kb4 g5 45. Kc4 Kb6 46. Kd5 Kxb5 47. Ke5 Kb4 48. Kxf5 Kb3 49. Kxe4 Kxb2 50. Kf5 a3 51. Kxg5 a2 52. Kxg4 a1=Q 53. f4 Kc3 54. h4 Kd4 55. Kh5 Kd5 0-1


[Site "https://www.chess.com"]

[Event "Titled Tuesday Blitz January 11 2022"]
[White "Concio, Michael Jr."]
[Black "Kevlishvili, Robby"]
[WhiteFideId "5217873"]
[BlackFideId "1040634"]
[WhiteElo "1896"]
[BlackElo "2584"]
[Result "0-1"]
[Round "03"]
[TimeControl "180+1"]
[Date "2022.01.11"]
[WhiteClock "0:00:01"]
[BlackClock "0:00:08"]

1. e4 c5 2. Ne2 Nf6 3. Nbc3 d6 4. g3 Nc6 5. Bg2 g6 6. O-O Bg7 7. d3 O-O 8. h3 Rb8 9. Be3 b5 10. a3 a5 11. Qd2 b4 12. axb4 axb4 13. Nd5 Nxd5 14. exd5 Ne5 15. Kh2 b3 16. c4 Bf5 17. Nc1 h5 18. f4 Nd7 19. Be4 e6 20. Bxf5 exf5 21. Ne2 Re8 22. Bf2 Qf6 23. Nc3 h4 24. gxh4 Bh6 25. Rae1 Kh7 26. Nb5 Rxe1 27. Rxe1 Nb6 28. Bg3 Na4 29. Re2 Bg7 30. Qd1 Nb6 31. Qxb3 Ra8 32. Qc3 Qd8 33. Qe1 Ra2 34. b3 Ra1 35. Qf2 Nd7 36. Nxd6 Bd4 37. Qf3 Qa5 38. Bf2 Bxf2 39. Qxf2 Qc3 40. Nxf7 Qc1 41. Ng5+ Kg8 42. Kg3 Nf6 43. Qe3 Nh5+ 44. Kf3 Qh1+ 45. Rg2 Rf1+ 46. Qf2 Rxf2+ 47. Kxf2 Nxf4 48. Rg3 Qd1 49. Ke3 Qc1+ 50. Kf2 Qd2+ 51. Kf1 Qe2+ 52. Kg1 Qe1+ 53. Kh2 Qf2+ 0-1


[Site "https://www.chess.com"]

[Event "Titled Tuesday Blitz January 11 2022"]
[White "Costachi, Mihnea"]
[Black "Makhnev, Denis"]
[WhiteFideId "1217518"]
[BlackFideId "13707647"]
[WhiteElo "2464"]
[BlackElo "2491"]
[Result "1/2-1/2"]
[Round "03"]
[TimeControl "180+1"]
[Date "2022.01.11"]
[WhiteClock "0:00:14"]
[BlackClock "0:00:20"]

1. e4 c6 2. c4 d5 3. exd5 cxd5 4. cxd5 Nf6 5. Nc3 Nxd5 6. d4 Nc6 7. Nf3 Bg4 8. Be2 e6 9. h3 Bxf3 10. Bxf3 Bb4 11. O-O Nxc3 12. bxc3 Bxc3 13. Rb1 O-O 14. Ba3 Re8 15. Rxb7 Nxd4 16. Be4 Qa5 17. Qg4 Qxa3 18. Bxh7+ Kf8 19. Be4 Rab8 20. Rfb1 Rxb7 21. Rxb7 Re7 22. Qh4 f5 23. Rb8+ Kf7 24. Qh5+ Kf6 25. Bd3 Qc1+ 26. Bf1 Rf7 27. Qh4+ Qg5 28. Qh8 Nf3+ 29. Kh1 Qc1 30. Qd8+ Kg6 31. Qd3 Nd2 32. Qg3+ Kh7 33. Qh4+ Kg6 34. Qg3+ Kf6 35. Qh4+ Kg6 36. Qg3+ 1/2-1/2


[Site "https://www.chess.com"]

[Event "Titled Tuesday Blitz January 11 2022"]
[White "Dastan, Muhammed Batuhan"]
[Black "Aradhya, Garg"]
[WhiteFideId "6300014"]
[BlackFideId "25006746"]
[WhiteElo "2410"]
[BlackElo "2169"]
[Result "0-1"]
[Round "03"]
[TimeControl "180+1"]
[Date "2022.01.11"]
[WhiteClock "0:00:21"]
[BlackClock "0:00:59"]

1. d4 d5 2. c4 c6 3. cxd5 cxd5 4. Bf4 Nc6 5. e3 Bf5 6. Qb3 Qd7 7. Nc3 e6 8. Bb5 Bd6 9. Bxd6 Qxd6 10. Rc1 Nf6 11. Nf3 O-O 12. O-O Rfc8 13. Nh4 Bg4 14. h3 Bh5 15. g4 Bg6 16. Nxg6 hxg6 17. Be2 Qb4 18. Qxb4 Nxb4 19. a3 Nc6 20. f3 Ne8 21. Kf2 Nd6 22. Rc2 g5 23. Rfc1 Kf8 24. Nb5 Ke7 25. Kg3 Rh8 26. Nxd6 Kxd6 27. Bb5 Rac8 28. b4 Ne7 29. e4 dxe4 30. fxe4 e5 31. d5 Rxc2 32. Rxc2 Ng6 33. Bf1 Nf4 34. Rc3 Rxh3+ 35. Bxh3 Ne2+ 36. Kf2 Nxc3 37. Ke3 Nb1 38. a4 Nc3 39. a5 Na2 40. b5 Kc5 41. Bf1 Nc3 42. b6 axb6 43. a6 bxa6 44. Bxa6 Nb5 45. Kd3 Nd6 46. Ke3 b5 47. Kd3 Kb6 0-1


[Site "https://www.chess.com"]

[Event "Titled Tuesday Blitz January 11 2022"]
[White "Djordjevic, Vuk"]
[Black "Alavkin, Arseny"]
[WhiteFideId "902098"]
[BlackFideId "4120612"]
[WhiteElo "2463"]
[BlackElo "2391"]
[Result "1-0"]
[Round "03"]
[TimeControl "180+1"]
[Date "2022.01.11"]
[WhiteClock "0:00:10"]
[BlackClock "0:00:08"]

1. d4 Nf6 2. Bg5 d5 3. Bxf6 gxf6 4. e3 c5 5. dxc5 Nc6 6. Nf3 e5 7. c4 d4 8. exd4 e4 9. Nfd2 Qxd4 10. Nc3 f5 11. Be2 Bxc5 12. O-O O-O 13. Nb3 Qxd1 14. Raxd1 Bb6 15. Nd5 Be6 16. c5 Bd8 17. Bc4 Rc8 18. Ne3 Ne5 19. Bxe6 fxe6 20. Rd6 Kf7 21. Nd4 Re8 22. b4 Bc7 23. Nb5 Bxd6 24. Nxd6+ Kf6 25. a4 Nd3 26. Rb1 Red8 27. Nxc8 Rxc8 28. Nc4 Rc7 29. Nd6 Ke5 30. Nb5 Rd7 31. Nxa7 Kd4 32. c6 bxc6 33. Nxc6+ Kc3 34. b5 Kc2 35. Ra1 Kb2 36. Rd1 Kb3 37. a5 Kc2 38. Ra1 Kb2 39. Rd1 Kc2 40. Rf1 Nc5 41. a6 Rc7 42. a7 Rc8 43. Ra1 Ra8 44. b6 Kb2 45. Ra5 Nb7 46. Re5 Kb3 47. Rxe6 Kc4 48. Re7 Kb5 49. Rxb7 Kxc6 50. Rb8 Rxa7 51. bxa7 Kc7 1-0


[Site "https://www.chess.com"]

[Event "Titled Tuesday Blitz January 11 2022"]
[White "Dvirnyy, Danyyil"]
[Black "Chigaev, Maksim"]
[WhiteFideId "817570"]
[BlackFideId "4108116"]
[WhiteElo "2546"]
[BlackElo "2502"]
[Result "0-1"]
[Round "03"]
[TimeControl "180+1"]
[Date "2022.01.11"]
[WhiteClock "0:00:12"]
[BlackClock "0:01:47"]

1. Nf3 d5 2. g3 g6 3. Bg2 Bg7 4. O-O e5 5. d3 Ne7 6. c4 O-O 7. cxd5 Nxd5 8. Nc3 Nb6 9. a3 Nc6 10. Bd2 Re8 11. b4 a5 12. b5 Nd4 13. Rb1 h6 14. Nxd4 exd4 15. Ne4 Nd5 16. Re1 b6 17. Qc1 Kh7 18. Bf4 Be6 19. Qc6 Rc8 20. h4 f5 21. Nd2 Nc3 22. Nf3 Bd5 0-1


[Site "https://www.chess.com"]